[Event "FIDE Open World Rapid 2024"]
[Site "New York"]
[Date "2024.12.28"]
[Round "9.17"]
[White "Schnaider, Ilan"]
[Black "Zemlyanskii, Ivan"]
[Result "0-1"]
[ECO "D01"]
[WhiteElo "2392"]
[BlackElo "2543"]
[Annotator "ChessBase"]
[PlyCount "72"]
[EventDate "2024.12.14"]
[EventType "swiss"]
[EventCountry "USA"]
[SourceTitle "playchess.com"]
[Source "ChessBase"]
[SourceQuality "1"]
[TimeControl "900+10"]

1. d4 Nf6 2. Nc3 d5 3. Bf4 g6 4. Qd2 Bg7 5. Bh6 O-O 6. Bxg7 Kxg7 7. e3 c5 8. h3 Nc6 9. g4 cxd4 10. exd4 Qd6 11. O-O-O b6 12. f4 Rd8 13. Bb5 Bd7 14. Nf3 Ne4 15. Nxe4 dxe4 16. Ng5 Qxd4 17. Qxd4+ Nxd4 18. Bc4 Be8 19. c3 b5 20. cxd4 Rac8 21. Nxe4 Rxc4+ 22. Kb1 Rdxd4 23. Rxd4 Rxd4 24. Re1 e6 25. f5 exf5 26. gxf5 Bd7 27. f6+ Kh6 28. Nc5 Bf5+ 29. Ka1 Kg5 30. a4 Rc4 31. Re5 Kxf6 32. Rd5 bxa4 33. Ka2 Bxh3 34. Ka3 Be6 35. Nd7+ Ke7 36. Rc5 Kxd7 0-1

[Event "FIDE Open World Rapid 2024"]
[Site "New York"]
[Date "2024.12.27"]
[Round "9.18"]
[White "Xiong, Jeffery"]
[Black "Lomasov, Semyon"]
[Result "1/2-1/2"]
[ECO "E21"]
[WhiteElo "2636"]
[BlackElo "2559"]
[Annotator "ChessBase"]
[PlyCount "53"]
[EventDate "2024.12.14"]
[EventType "swiss"]
[EventCountry "USA"]
[SourceTitle "playchess.com"]
[Source "ChessBase"]
[SourceQuality "1"]
[TimeControl "900+10"]

1. d4 e6 2. Nf3 Nf6 3. c4 Bb4+ 4. Nc3 b6 5. Qb3 c5 6. dxc5 bxc5 7. g3 Nc6 8. Bg2 Bb7 9. O-O Na5 10. Qc2 Nxc4 11. Na4 Nb6 12. a3 Be4 13. Qd1 Nxa4 14. axb4 Nb6 15. bxc5 Nbd5 16. Qd4 O-O 17. b4 d6 18. cxd6 Qxd6 19. b5 Qb8 20. Ra5 Qb6 21. Qa1 Rac8 22. Bb2 Rc2 23. Bd4 Qb8 24. Re1 Rfc8 25. Bxa7 Qb7 26. Bd4 Nc3 27. Bxc3 1/2-1/2

[Event "FIDE Open World Rapid 2024"]
[Site "New York"]
[Date "2024.12.28"]
[Round "9.18"]
[White "Banh Gia Huy"]
[Black "Amar, Elham"]
[Result "0-1"]
[ECO "D02"]
[WhiteElo "2422"]
[BlackElo "2534"]
[Annotator "ChessBase"]
[PlyCount "136"]
[EventDate "2024.12.14"]
[EventType "swiss"]
[EventCountry "USA"]
[SourceTitle "playchess.com"]
[Source "ChessBase"]
[SourceQuality "1"]
[TimeControl "900+10"]

1. d4 Nf6 2. Nf3 d5 3. Bf4 c5 4. e3 Nc6 5. Nbd2 e6 6. c3 cxd4 7. exd4 Nh5 8. Be3 Bd6 9. Ne5 g6 10. Nd3 O-O 11. g3 Re8 12. Bg2 Ng7 13. O-O Nf5 14. Bf4 Bf8 15. Re1 f6 16. h4 b6 17. Nf3 Ba6 18. a4 Rc8 19. b4 Bxd3 20. Qxd3 Bd6 21. Bd2 Qd7 22. Re2 Bf8 23. Bf4 a5 24. b5 Nd8 25. g4 Nd6 26. g5 Ne4 27. c4 Bd6 28. Bxd6 Qxd6 29. cxd5 exd5 30. gxf6 Ne6 31. Ne5 Nxf6 32. Qd2 Nh5 33. Bh3 Rb8 34. Bxe6+ Qxe6 35. Rae1 Rf8 36. f3 Nf4 37. Rh2 Rb7 38. Kh1 Nh5 39. Rg1 Rc7 40. Qh6 Qf5 41. Qe3 Re8 42. Qg5 Qxg5 43. hxg5 Rc3 44. Ra2 Rf8 45. Rgg2 Rfc8 46. Kh2 Nf4 47. Rg4 Rc2+ 48. Rxc2 Rxc2+ 49. Kh1 Rc1+ 50. Rg1 Rc3 51. Re1 Ra3 52. Rc1 Ne6 53. Rc6 Nxd4 54. Rxb6 Rxa4 55. Rb8+ Kg7 56. Rb7+ Kg8 57. Rb8+ Kg7 58. Rb7+ Kf8 59. b6 Rb4 60. Nd7+ Ke7 61. Ra7 Nc6 62. Nf6+ Ke6 63. Rxh7 Rxb6 64. Nd7 Rb2 65. f4 d4 66. Rg7 Kf5 67. Rf7+ Kg4 68. Rf6 Kg3 0-1

[Event "FIDE Open World Rapid 2024"]
[Site "New York"]
[Date "2024.12.27"]
[Round "9.19"]
[White "Durarbayli, Vasif"]
[Black "Praggnanandhaa R"]
[Result "0-1"]
[ECO "C02"]
[WhiteElo "2622"]
[BlackElo "2737"]
[Annotator "TA"]
[PlyCount "104"]
[EventDate "2024.12.14"]
[EventType "swiss"]
[EventCountry "USA"]
[SourceTitle "playchess.com"]
[Source "ChessBase"]
[SourceQuality "1"]
[TimeControl "900+10"]

1. e4 e6 2. d4 d5 3. e5 c5 4. c3 Nc6 5. Nf3 Qb6 6. Be2 cxd4 7. cxd4 Nh6 8. Bxh6 Qxb2 9. Nc3 Qxc3+ 10. Bd2 Qa3 11. O-O Bb4 12. Rb1 Bxd2 13. Qxd2 O-O 14. Rfc1 {[%emt 0:00:01] Prevents b6.} Qe7 15. Rb3 {[%emt 0:04:48][%mdl 1024] White has compensation.} Qd8 16. Bd3 h6 {[%emt 0:01:18] Inhibits Ng5.} 17. Bb1 Na5 18. Rbc3 Nc4 (18... Nc6 $14) 19. Qc2 $16 g6 20. h4 Bd7 21. h5 $1 Be8 22. Rd1 (22. Nh2 f5 23. exf6 Qxf6 24. hxg6 Qxd4 25. Rh3) 22... Rc8 23. Qc1 (23. Nh2 $14) 23... g5 (23... Kg7 $11) 24. Qc2 $1 $14 f5 25. exf6 Rc7 $1 {[%emt 0:00:02] Prevents Qh7+} 26. Ne5 (26. f7+ $1 $14 Rfxf7 27. Qg6+ Rg7 28. Qxe6+ Bf7 29. Qxh6) 26... Qxf6 $11 27. Nxc4 (27. Qe2 {is interesting.} Qg7 28. Nxc4 dxc4 29. Rxc4 Rxc4 30. Qxc4 Bxh5 31. Qxe6+ Qf7 32. Qxf7+ Rxf7 33. f3) 27... dxc4 (27... Bxh5 28. Ne3 Bxd1 29. Nxd1 $16) 28. Rxc4 Rg7 29. Rc8 Bxh5 30. Rxf8+ Qxf8 31. Re1 Bf7 32. Qa4 a6 (32... Be8 $11 {remains equal.} 33. Qxa7 Qb4) 33. Be4 ({White should play} 33. Qd7 $16) 33... Qc8 34. Qa3 Qd7 (34... Bg6 $11) 35. Qc5 Bg6 36. Bf3 Kh7 37. a3 Bf5 38. d5 exd5 39. Bxd5 Bg6 40. Re6 Rf7 41. Rd6 Qf5 42. Rd8 Qf6 43. Qc8 (43. Bxf7 $11 Qxd8 44. Bxg6+ Kxg6 45. Qc2+ Kf6 46. Qb2+ Ke6 47. Qb3+ Ke5 48. Qc3+ (48. Qxb7 Qd1+ 49. Kh2 Qh5+ 50. Kg1 Qd1+ 51. Kh2 Qh5+ 52. Kg1 Qd1+ $11) 48... Kd6 49. Qd4+ Kc7 50. Qg7+ Qd7 51. Qxh6) 43... Qxf2+ $17 44. Kh2 Qh4+ $1 45. Kg1 {[%emt 0:00:09] Rh8+ would now be deadly.} Qe1+ 46. Kh2 Qe5+ 47. g3 $2 (47. Kg1 $19) 47... Rf2+ 48. Bg2 {[%emt 0:00:01] [#]} Rxg2+ $1 49. Kxg2 Qe2+ 50. Kh3 Qf1+ 51. Kg4 {[%emt 0:00:10] [#]} Bh5+ $1 52. Kxh5 Qe2+ 0-1

[Event "FIDE Open World Rapid 2024"]
[Site "New York"]
[Date "2024.12.28"]
[Round "9.19"]
[White "Brodsky, David"]
[Black "Sardana, Rishi"]
[Result "1/2-1/2"]
[ECO "D37"]
[WhiteElo "2538"]
[BlackElo "2466"]
[Annotator "ChessBase"]
[PlyCount "156"]
[EventDate "2024.12.14"]
[EventType "swiss"]
[EventCountry "USA"]
[SourceTitle "playchess.com"]
[Source "ChessBase"]
[SourceQuality "1"]
[TimeControl "900+10"]

1. d4 Nf6 2. c4 e6 3. Nf3 h6 4. Nc3 d5 5. Bf4 Bd6 6. Qc1 b6 7. Bxd6 Qxd6 8. Nb5 Qe7 9. cxd5 Qb4+ 10. Nc3 exd5 11. e3 O-O 12. Bd3 Qe7 13. O-O c5 14. dxc5 bxc5 15. Na4 Nbd7 16. b3 Bb7 17. Qa3 Rfc8 18. Rac1 Kf8 19. Rfe1 Rc7 20. Nd4 g6 21. Bf1 Ne4 22. Nb5 Rcc8 23. Qb2 Kg8 24. Red1 h5 25. Nbc3 Nef6 26. Ne2 h4 27. h3 Ne4 28. Nf4 Ndf6 29. Nd3 Nd7 30. Be2 Rc7 31. b4 c4 32. Nf4 Ndf6 33. Bf3 Rd8 34. a3 Ng5 35. Be2 Nfe4 36. Qd4 Rcd7 37. Bg4 Rc7 38. Nc3 Nxc3 39. Rxc3 Ne4 40. Rc2 Ba8 41. Bf3 Rcd7 42. Qb2 d4 43. Rxc4 dxe3 44. Rxd7 Qxd7 45. fxe3 Nd2 46. Rd4 Nxf3+ 47. gxf3 Qc8 48. Rxd8+ Qxd8 49. e4 Qg5+ 50. Ng2 Bc6 51. Qc3 Bd7 52. f4 Qg3 53. Qxg3 hxg3 54. h4 Bc6 55. e5 f6 56. exf6 Kf7 57. Ne3 Kxf6 58. Kf1 Bf3 59. a4 Ke6 60. Kg1 Kf6 61. b5 Ke6 62. a5 Kd6 63. b6 axb6 64. axb6 Kc5 65. Nf1 g2 66. Nd2 Bd5 67. f5 gxf5 68. h5 Kxb6 69. h6 Bg8 70. Kxg2 Kc5 71. Kg3 Kd6 72. Kf4 Ke7 73. Kg5 Kf8 74. Kf6 Bh7 75. Nf3 f4 76. Ne5 Kg8 77. Kg5 Bc2 78. Kxf4 Bb1 1/2-1/2

[Event "FIDE Open World Rapid 2024"]
[Site "New York"]
[Date "2024.12.27"]
[Round "9.20"]
[White "Liang, Awonder"]
[Black "Dubov, Daniil"]
[Result "0-1"]
[ECO "C85"]
[WhiteElo "2687"]
[BlackElo "2693"]
[Annotator "ChessBase"]
[PlyCount "58"]
[EventDate "2024.12.14"]
[EventType "swiss"]
[EventCountry "USA"]
[SourceTitle "playchess.com"]
[Source "ChessBase"]
[SourceQuality "1"]
[TimeControl "900+10"]

1. e4 e5 2. Nf3 Nc6 3. Bb5 a6 4. Ba4 Nf6 5. O-O Be7 6. Bxc6 dxc6 7. d3 Qd6 8. Be3 Be6 9. Nc3 Ng4 10. Bd2 O-O-O 11. Rb1 c5 12. Qe2 Nf6 13. Ng5 c4 14. Nxe6 cxd3 15. cxd3 fxe6 16. Be3 Qxd3 17. Qf3 Bb4 18. Qh3 Bxc3 19. Qxe6+ Qd7 20. Qxd7+ Rxd7 21. bxc3 Nxe4 22. Rfc1 Rd3 23. Rb3 Rhd8 24. Kf1 Nd2+ 25. Bxd2 Rxd2 26. Rcb1 b6 27. R3b2 R8d3 28. c4 Rxb2 29. Rxb2 Rc3 0-1

[Event "FIDE Open World Rapid 2024"]
[Site "New York"]
[Date "2024.12.28"]
[Round "9.20"]
[White "Lou, Yiping"]
[Black "Smirnov, Mark"]
[Result "1/2-1/2"]
[ECO "C70"]
[WhiteElo "2459"]
[BlackElo "2336"]
[Annotator "ChessBase"]
[PlyCount "134"]
[EventDate "2024.12.14"]
[EventType "swiss"]
[EventCountry "USA"]
[SourceTitle "playchess.com"]
[Source "ChessBase"]
[SourceQuality "1"]
[TimeControl "900+10"]

1. e4 e5 2. Nf3 Nc6 3. Bb5 g6 4. c3 a6 5. Ba4 Bg7 6. d4 exd4 7. cxd4 b5 8. Bb3 Nge7 9. O-O O-O 10. d5 Na5 11. Bd2 Nxb3 12. Qxb3 c5 13. Bc3 Bxc3 14. Qxc3 d6 15. Nbd2 f5 16. Rad1 Bb7 17. Qe3 fxe4 18. Nxe4 Nxd5 19. Qh6 Nf6 20. Nxc5 Bxf3 21. gxf3 Qc8 22. Nb3 d5 23. Rfe1 Ra7 24. Nd4 Re8 25. Qf4 Rf7 26. Qd6 Rd8 27. Qb6 Rdf8 28. Ne6 Re8 29. Ng5 Rff8 30. Rxe8 Qxe8 31. Qxa6 Qe5 32. Qe6+ Qxe6 33. Nxe6 Rc8 34. Nf4 Rc2 35. b3 Rxa2 36. Nxd5 Nh5 37. Rd4 Kf7 38. h4 Ke6 39. Nc7+ Kf5 40. Nxb5 Ra1+ 41. Kh2 Ra2 42. Nd6+ Ke5 43. Rd2 Rxd2 44. Nc4+ Kd4 45. Nxd2 Kc3 46. Ne4+ Kxb3 47. Ng5 Nf6 48. Kg3 Kc4 49. Kf4 Kd5 50. Ne4 Ng8 51. Kg5 Ke6 52. f4 Kf7 53. f5 h6+ 54. Kf4 Ne7 55. fxg6+ Kxg6 56. Ng3 Kf6 57. Kg4 Nd5 58. Nh5+ Ke5 59. f4+ Ke6 60. Kf3 Ne7 61. Ng3 Ng8 62. Ne2 Ne7 63. Ke4 Kf6 64. Nd4 Ng6 65. h5 Ne7 66. Nf3 Nf5 67. Ne5 Ng3+ 1/2-1/2

[Event "FIDE Open World Rapid 2024"]
[Site "New York"]
[Date "2024.12.27"]
[Round "9.21"]
[White "Bortnyk, Olexandr"]
[Black "Theodorou, Nikolas"]
[Result "1/2-1/2"]
[ECO "B24"]
[WhiteElo "2603"]
[BlackElo "2600"]
[Annotator "ChessBase"]
[PlyCount "59"]
[EventDate "2024.12.14"]
[EventType "swiss"]
[EventCountry "USA"]
[SourceTitle "playchess.com"]
[Source "ChessBase"]
[SourceQuality "1"]
[TimeControl "900+10"]

1. e4 c5 2. Nf3 Nc6 3. Nc3 g6 4. g3 Bg7 5. Bg2 Rb8 6. a4 a6 7. O-O b5 8. axb5 axb5 9. e5 Nxe5 10. Nxe5 Bxe5 11. Qe2 Bxc3 12. dxc3 d6 13. b4 c4 14. Be3 Kf8 15. Ba7 Rb7 16. Bxb7 Bxb7 17. Bd4 e5 18. Ra7 Qc7 19. Be3 Qc6 20. Rxb7 Qxb7 21. Rd1 Kg7 22. Rxd6 Nf6 23. Rb6 Qd5 24. Qd2 Qxd2 25. Bxd2 Rd8 26. Be3 Rd1+ 27. Kg2 Nd5 28. Rxb5 Nxe3+ 29. fxe3 Rd2+ 30. Kf3 1/2-1/2

[Event "FIDE Open World Rapid 2024"]
[Site "New York"]
[Date "2024.12.28"]
[Round "9.21"]
[White "Kevlishvili, Robby"]
[Black "Rasulov, Vugar"]
[Result "1/2-1/2"]
[ECO "C88"]
[WhiteElo "2556"]
[BlackElo "2504"]
[Annotator "ChessBase"]
[PlyCount "117"]
[EventDate "2024.12.14"]
[EventType "swiss"]
[EventCountry "USA"]
[SourceTitle "playchess.com"]
[Source "ChessBase"]
[SourceQuality "1"]
[TimeControl "900+10"]

1. e4 e5 2. Nf3 Nc6 3. Bb5 a6 4. Ba4 Nf6 5. O-O b5 6. Bb3 Bb7 7. d3 Be7 8. a4 O-O 9. Re1 d6 10. Bd2 Qd7 11. Nc3 Nd8 12. Ne2 Ne6 13. c3 Nc5 14. Bc2 Nxa4 15. Bxa4 bxa4 16. Rxa4 Rfb8 17. c4 c6 18. Qc2 Ne8 19. c5 Nc7 20. Bc3 Re8 21. h3 Nb5 22. Ng3 f6 23. cxd6 Bxd6 24. Nf5 c5 25. Bd2 Bf8 26. Nh2 Rad8 27. Re3 g6 28. Ng4 Qe6 29. Rg3 Kh8 30. Nfh6 Nd4 31. Qd1 Bg7 32. Nh2 Rd7 33. Ra3 c4 34. Nf3 Nb5 35. Nh4 Bxh6 36. Bxh6 Bxe4 37. Ra4 Bxd3 38. Qa1 Bc2 39. Rxa6 Rd1+ 40. Qxd1 Bxd1 41. Rxe6 Rxe6 42. Re3 Kg8 43. Re1 Bc2 44. f4 Kf7 45. fxe5 Rxe5 46. Rxe5 fxe5 47. Nf3 Ke6 48. Bg7 e4 49. Nd4+ Nxd4 50. Bxd4 Kd5 51. Be3 Kc6 52. Kf2 Kb5 53. Bd4 Kb4 54. Ke3 Bd3 55. h4 Kb3 56. g3 Kc2 57. Be5 Kd1 58. Bd4 Ke1 59. Be5 1/2-1/2

[Event "FIDE Open World Rapid 2024"]
[Site "New York"]
[Date "2024.12.28"]
[Round "9.22"]
[White "Dudin, Gleb"]
[Black "Bologan, Victor"]
[Result "1-0"]
[ECO "C41"]
[WhiteElo "2506"]
[BlackElo "2600"]
[Annotator "ChessBase"]
[PlyCount "59"]
[EventDate "2024.12.14"]
[EventType "swiss"]
[EventCountry "USA"]
[SourceTitle "playchess.com"]
[Source "ChessBase"]
[SourceQuality "1"]
[TimeControl "900+10"]

1. d4 d6 2. e4 Nf6 3. Nc3 e5 4. Nf3 Nbd7 5. Rg1 c6 6. g4 h6 7. a4 Be7 8. Qe2 exd4 9. Nxd4 Ne5 10. h3 g5 11. f4 gxf4 12. Bxf4 Qb6 13. O-O-O Be6 14. Nxe6 fxe6 15. Be3 Qa5 16. Kb1 a6 17. h4 b5 18. g5 hxg5 19. hxg5 Nfd7 20. g6 bxa4 21. g7 Rg8 22. Bd2 Qb6 23. Be3 Qa5 24. Bh3 Rb8 25. Bxe6 Qxc3 26. Bd4 Rxb2+ 27. Kc1 Rxc2+ 28. Qxc2 Qa3+ 29. Bb2 Qe3+ 30. Kb1 1-0

[Event "FIDE Open World Rapid 2024"]
[Site "New York"]
[Date "2024.12.27"]
[Round "9.22"]
[White "Isanzhulov, Arystan"]
[Black "Anton Guijarro, David"]
[Result "1/2-1/2"]
[ECO "B11"]
[WhiteElo "2395"]
[BlackElo "2673"]
[Annotator "ChessBase"]
[PlyCount "73"]
[EventDate "2024.12.14"]
[EventType "swiss"]
[EventCountry "USA"]
[SourceTitle "playchess.com"]
[Source "ChessBase"]
[SourceQuality "1"]
[TimeControl "900+10"]

1. e4 c6 2. Nf3 d5 3. Nc3 Bg4 4. h3 Bxf3 5. Qxf3 e6 6. g3 h5 7. d4 Bb4 8. e5 c5 9. a3 Qa5 10. axb4 Qxa1 11. Bb5+ Nc6 12. O-O cxd4 13. Nxd5 exd5 14. Qb3 Nge7 15. Bg5 Qxf1+ 16. Bxf1 a6 17. b5 axb5 18. Bxe7 Kxe7 19. Qxd5 Rhd8 20. Qc5+ Ke8 21. Bxb5 Rac8 22. b4 Rd7 23. f4 g6 24. Kg2 Kd8 25. Ba4 d3 26. cxd3 Rxd3 27. Qb6+ Rc7 28. g4 Kc8 29. gxh5 gxh5 30. h4 Nd4 31. Kf2 Rcc3 32. Bd7+ Kxd7 33. Qd6+ Kc8 34. Qf8+ Kc7 35. Qd6+ Kc8 36. Qf8+ Kc7 37. Qd6+ 1/2-1/2

[Event "FIDE Open World Rapid 2024"]
[Site "New York"]
[Date "2024.12.27"]
[Round "9.23"]
[White "Bjerre, Jonas Buhl"]
[Black "Grigoryan, Karen H."]
[Result "1/2-1/2"]
[ECO "C84"]
[WhiteElo "2642"]
[BlackElo "2618"]
[Annotator "ChessBase"]
[PlyCount "97"]
[EventDate "2024.12.14"]
[EventType "swiss"]
[EventCountry "USA"]
[SourceTitle "playchess.com"]
[Source "ChessBase"]
[SourceQuality "1"]
[TimeControl "900+10"]

1. e4 e5 2. Nf3 Nc6 3. Bb5 a6 4. Ba4 Nf6 5. d3 d6 6. c3 Be7 7. O-O O-O 8. Re1 b5 9. Bc2 Bb7 10. Nbd2 Re8 11. Nf1 Bf8 12. Bg5 h6 13. Bh4 g6 14. a4 Bg7 15. Ne3 Ne7 16. h3 Qd7 17. b4 Nh5 18. Bb3 Nf4 19. Qc2 c5 20. Ng4 g5 21. Bg3 cxb4 22. cxb4 Kf8 23. Rad1 Rac8 24. Qa2 Neg6 25. axb5 axb5 26. Qd2 d5 27. Bxf4 exf4 28. e5 h5 29. Nf6 Bxf6 30. exf6 Qf5 31. Rxe8+ Rxe8 32. Re1 Rxe1+ 33. Qxe1 Qxf6 34. Qc1 g4 35. hxg4 hxg4 36. Nh2 g3 37. Nf3 d4 38. Qc5+ Kg7 39. Bd5 Bxd5 40. Qxd5 Qe7 41. Qxd4+ f6 42. Kf1 Qc7 43. Qc5 Qd7 44. Qd4 Qe6 45. Qc5 Qb3 46. fxg3 Qxd3+ 47. Kf2 fxg3+ 48. Kxg3 Ne5 49. Qe7+ 1/2-1/2

[Event "FIDE Open World Rapid 2024"]
[Site "New York"]
[Date "2024.12.28"]
[Round "9.23"]
[White "Druska, Juraj"]
[Black "Vokhidov, Shamsiddin"]
[Result "0-1"]
[ECO "B40"]
[WhiteElo "2423"]
[BlackElo "2681"]
[Annotator "ChessBase"]
[PlyCount "66"]
[EventDate "2024.12.14"]
[EventType "swiss"]
[EventCountry "USA"]
[SourceTitle "playchess.com"]
[Source "ChessBase"]
[SourceQuality "1"]
[TimeControl "900+10"]

1. e4 c5 2. Nf3 e6 3. d4 cxd4 4. Qxd4 Nc6 5. Qe3 Nf6 6. Nc3 Qc7 7. Bd3 a6 8. O-O Be7 9. h3 d6 10. Na4 Nd7 11. c4 O-O 12. Bd2 b6 13. Rac1 Bb7 14. Rfd1 Rac8 15. b4 h6 16. a3 Rfd8 17. Qe2 Qb8 18. Be3 Ba8 19. Bb1 Bf6 20. Qd2 b5 21. Nb2 Nde5 22. Nh2 bxc4 23. Nxc4 d5 24. exd5 Rxd5 25. Qc2 Nxc4 26. Qh7+ Kf8 27. Rxd5 Nxe3 28. Rd7 Ne7 29. Re1 Qb5 30. Ra7 N3f5 31. Ng4 Bd4 32. Bxf5 Bxa7 33. Bxe6 Qc6 0-1

[Event "FIDE Open World Rapid 2024"]
[Site "New York"]
[Date "2024.12.27"]
[Round "9.24"]
[White "Vakhidov, Jakhongir"]
[Black "Shankland, Sam"]
[Result "1/2-1/2"]
[ECO "D76"]
[WhiteElo "2546"]
[BlackElo "2672"]
[Annotator "ChessBase"]
[PlyCount "90"]
[EventDate "2024.12.14"]
[EventType "swiss"]
[EventCountry "USA"]
[SourceTitle "playchess.com"]
[Source "ChessBase"]
[SourceQuality "1"]
[TimeControl "900+10"]

1. c4 Nf6 2. Nc3 g6 3. g3 Bg7 4. Bg2 O-O 5. d4 Nc6 6. Nf3 d5 7. cxd5 Nxd5 8. O-O Nb6 9. e3 e5 10. d5 e4 11. dxc6 Qxd1 12. Rxd1 exf3 13. Bxf3 bxc6 14. Rb1 Rb8 15. Ne2 c5 16. b3 Nc4 17. Bd5 Ba6 18. Bxc4 Bxc4 19. Nf4 g5 20. Nd5 Be2 21. Rd2 Bf3 22. Ba3 Rfd8 23. Ne7+ Kh8 24. Rxd8+ Rxd8 25. Bxc5 Bf8 26. Rc1 f6 27. Nc6 Bxc6 28. Bxf8 Bf3 29. Be7 Rd2 30. Bxf6+ Kg8 31. Bxg5 Rxa2 32. e4 Bxe4 33. Rxc7 Rb2 34. f4 Rxb3 35. Rxa7 Rb2 36. Re7 Bd5 37. f5 Rg2+ 38. Kf1 Rxh2 39. f6 Bf7 40. Rc7 h6 41. Bf4 Rh5 42. g4 Rh4 43. Kf2 h5 44. Bh6 Rxg4 45. Bg7 Rxg7 1/2-1/2

[Event "FIDE Open World Rapid 2024"]
[Site "New York"]
[Date "2024.12.28"]
[Round "9.24"]
[White "Dlugy, Maxim"]
[Black "Samadov, Read"]
[Result "0-1"]
[ECO "A45"]
[WhiteElo "2514"]
[BlackElo "2501"]
[Annotator "ChessBase"]
[PlyCount "64"]
[EventDate "2024.12.14"]
[EventType "swiss"]
[EventCountry "USA"]
[SourceTitle "playchess.com"]
[Source "ChessBase"]
[SourceQuality "1"]
[TimeControl "900+10"]

1. d4 Nf6 2. Bf4 g6 3. Nc3 d5 4. e3 Bg7 5. h4 c6 6. Be2 h5 7. Nf3 Bf5 8. Ne5 Nfd7 9. Nd3 Na6 10. Qd2 Rc8 11. f3 Bxd3 12. cxd3 Nc7 13. b4 e5 14. dxe5 Nxe5 15. d4 Nc4 16. Bxc4 dxc4 17. Ne4 O-O 18. Nd6 Nd5 19. Nxc8 Nxf4 20. exf4 Re8+ 21. Kf1 Qxc8 22. Rd1 Qf5 23. g3 Qd5 24. Kg2 c3 25. Qxc3 Re2+ 26. Kf1 Qxa2 27. Qd3 Rf2+ 28. Ke1 Bxd4 29. Rd2 Qa1+ 30. Rd1 Qb2 31. Rb1 Bc3+ 32. Qxc3 Qe2# 0-1

[Event "FIDE Open World Rapid 2024"]
[Site "New York"]
[Date "2024.12.27"]
[Round "9.25"]
[White "Antipov, Mikhail Al."]
[Black "Ghosh, Diptayan"]
[Result "1-0"]
[ECO "C54"]
[WhiteElo "2594"]
[BlackElo "2569"]
[Annotator "ChessBase"]
[PlyCount "79"]
[EventDate "2024.12.14"]
[EventType "swiss"]
[EventCountry "USA"]
[SourceTitle "playchess.com"]
[Source "ChessBase"]
[SourceQuality "1"]
[TimeControl "900+10"]

1. e4 e5 2. Nf3 Nc6 3. Bc4 Nf6 4. d3 Bc5 5. O-O d6 6. c3 a5 7. Re1 O-O 8. h3 Be6 9. Bb5 Ba7 10. Ba4 Ne7 11. d4 Ng6 12. Bc2 Nh5 13. Nbd2 Nhf4 14. Nf1 Qc8 15. h4 Bg4 16. g3 Bh5 17. Bxf4 exf4 18. Kg2 c5 19. N1h2 cxd4 20. cxd4 fxg3 21. Kxg3 d5 22. e5 f6 23. Rc1 Qd8 24. Qd2 fxe5 25. Bxg6 hxg6 26. Nxe5 Qb6 27. f4 Qxd4 28. Qxd4 Bxd4 29. Rc7 Bxb2 30. Rb1 Bxe5 31. fxe5 Rf7 32. Rbxb7 Rxc7 33. Rxc7 Rd8 34. Nf3 d4 35. e6 d3 36. Rd7 Re8 37. Ng5 Be2 38. e7 d2 39. Rxd2 Bb5 40. Rd8 1-0

[Event "FIDE Open World Rapid 2024"]
[Site "New York"]
[Date "2024.12.28"]
[Round "9.25"]
[White "Kobalia, Mikhail"]
[Black "Blohberger, Felix"]
[Result "1/2-1/2"]
[ECO "C66"]
[WhiteElo "2543"]
[BlackElo "2534"]
[Annotator "ChessBase"]
[PlyCount "162"]
[EventDate "2024.12.14"]
[EventType "swiss"]
[EventCountry "USA"]
[SourceTitle "playchess.com"]
[Source "ChessBase"]
[SourceQuality "1"]
[TimeControl "900+10"]

1. e4 e5 2. Nf3 Nc6 3. Bb5 Nf6 4. d3 d6 5. O-O a6 6. Bxc6+ bxc6 7. Re1 a5 8. d4 Nd7 9. Nbd2 Be7 10. dxe5 dxe5 11. Nc4 f6 12. Bd2 a4 13. Na5 Ra6 14. Qe2 Nc5 15. Bb4 Ne6 16. Red1 Nd4 17. Nxd4 exd4 18. Bxe7 Qxe7 19. Nc4 c5 20. Qh5+ g6 21. Qh6 Re6 22. f3 Ba6 23. b3 Kf7 24. Nb2 a3 25. Nd3 Rc6 26. Rac1 Qf8 27. Qd2 Qa8 28. e5 Bxd3 29. Qxd3 fxe5 30. Re1 Re8 31. Qc4+ Kg7 32. Qd5 Rd6 33. Qxc5 Qc6 34. Rxe5 Qxc5 35. Rxc5 Re2 36. Rxc7+ Kh6 37. Rd1 g5 38. Kf1 Rde6 39. Rxd4 Re1+ 40. Kf2 Ra1 41. Rdc4 Rxa2 42. R4c6 Rg6 43. Ke3 Ra1 44. Rxg6+ Kxg6 45. Ra7 h5 46. h3 h4 47. Ra5 Kf6 48. f4 gxf4+ 49. Kxf4 Ra2 50. c4 Rxg2 51. Rxa3 Rg3 52. Ra6+ Ke7 53. Rb6 Rxh3 54. Kg4 Rh1 55. b4 Kd7 56. b5 h3 57. Kg3 Rc1 58. Rc6 Rc3+ 59. Kh2 Rb3 60. Rc5 Kd6 61. Rh5 Rc3 62. Rd5+ Ke6 63. Rd4 Ke5 64. Rh4 Kd6 65. Rh6+ Kc7 66. Rc6+ Kb7 67. Rc5 Kb6 68. Rc8 Kb7 69. Rc6 Rb3 70. Rc5 Rc3 71. Rc6 Rb3 72. Rh6 Rc3 73. Rh4 Kb6 74. Rg4 Kb7 75. Rd4 Kc7 76. Re4 Kb7 77. Re7+ Kb8 78. Re4 Kb7 79. Rf4 Kc7 80. Rh4 Kb7 81. Rxh3 Rxc4 1/2-1/2

[Event "FIDE Open World Rapid 2024"]
[Site "New York"]
[Date "2024.12.27"]
[Round "9.26"]
[White "Pichot, Alan"]
[Black "Jacobson, Brandon"]
[Result "0-1"]
[ECO "C54"]
[WhiteElo "2637"]
[BlackElo "2583"]
[Annotator "ChessBase"]
[PlyCount "88"]
[EventDate "2024.12.14"]
[EventType "swiss"]
[EventCountry "USA"]
[SourceTitle "playchess.com"]
[Source "ChessBase"]
[SourceQuality "1"]
[TimeControl "900+10"]

1. e4 e5 2. Nf3 Nc6 3. Bc4 Bc5 4. O-O Nf6 5. d3 d6 6. c3 a6 7. a4 Ba7 8. Re1 h6 9. b4 g5 10. Be3 g4 11. Nfd2 Bxe3 12. fxe3 h5 13. Rf1 Rh6 14. Na3 Kf8 15. d4 Kg7 16. Bb3 Ne7 17. dxe5 dxe5 18. Nac4 Ng6 19. Qe2 Qe7 20. Na5 Rb8 21. Rxf6 Qxf6 22. Rf1 Qd8 23. Rxf7+ Kh8 24. Qf2 Rh7 25. Nf1 h4 26. Bd5 Rg7 27. b5 axb5 28. axb5 Kh7 29. c4 Rxf7 30. Qxf7+ Kh6 31. Nb3 Qe7 32. Qf2 Bd7 33. Na5 Rf8 34. Qe1 b6 35. Nc6 Qf6 36. Qe2 Ne7 37. Qe1 Kg7 38. Nd2 Qg5 39. c5 bxc5 40. Nc4 Bxc6 41. bxc6 g3 42. Qa1 Qf6 43. Qxe5 Qxe5 44. Nxe5 Rf1+ 0-1

[Event "FIDE Open World Rapid 2024"]
[Site "New York"]
[Date "2024.12.28"]
[Round "9.26"]
[White "Erenburg, Sergey"]
[Black "Urazayev, Arystanbek"]
[Result "1/2-1/2"]
[ECO "B30"]
[WhiteElo "2510"]
[BlackElo "2470"]
[Annotator "ChessBase"]
[PlyCount "104"]
[EventDate "2024.12.14"]
[EventType "swiss"]
[EventCountry "USA"]
[SourceTitle "playchess.com"]
[Source "ChessBase"]
[SourceQuality "1"]
[TimeControl "900+10"]

1. e4 c5 2. Nf3 Nc6 3. Bb5 Nf6 4. Bxc6 dxc6 5. d3 Qc7 6. Nbd2 e5 7. Nc4 b5 8. Ne3 c4 9. dxc4 Nxe4 10. O-O Bc5 11. cxb5 O-O 12. bxc6 Qxc6 13. Nxe5 Qc7 14. Nd3 Bd6 15. Nd5 Bxh2+ 16. Kh1 Qd6 17. N5f4 Bxf4 18. Bxf4 Qf6 19. f3 Nc5 20. Nxc5 Qxf4 21. Qd5 Rb8 22. Nd3 Qh6+ 23. Kg1 Ba6 24. Qd4 Rb5 25. Ne5 Qe6 26. Rfe1 Rd5 27. Qe3 f6 28. Ng4 Qd7 29. Qe6+ Qxe6 30. Rxe6 Bc8 31. Re2 Bxg4 32. fxg4 Rd4 33. b3 Rxg4 34. Rd1 a5 35. a4 Rg5 36. Rd7 h5 37. Rb7 Rc8 38. Rb5 Rcc5 39. c4 Kf7 40. Rb7+ Kg6 41. Ree7 Kh6 42. Rb5 h4 43. Ra7 Rce5 44. Raxa5 Re2 45. Rxg5 fxg5 46. Rd5 Rb2 47. Rd3 g4 48. g3 h3 49. c5 Rb1+ 50. Kh2 Rb2+ 51. Kg1 Rb1+ 52. Kh2 Rb2+ 1/2-1/2